[Event "Early-Titled-Tuesday-Blitz-February-13-2024"]
[Site "Chess.com"]
[Date "2024.02.13"]
[Round "2"]
[White "Felix-Rose"]
[Black "WindWhistler11"]
[Result "0-1"]
[WhiteElo "2228"]
[BlackElo "2501"]
[TimeControl "180+1"]
[EndTime "8:20:42 PST"]
[Termination "WindWhistler11 won by checkmate"]

1. e4 e6 2. d4 d5 3. Nc3 Bb4 4. exd5 exd5 5. Bd3 Ne7 6. Ne2 Nbc6 7. O-O Bg4 8. f3 Bh5 9. Nf4 Bg6 10. Nce2 Bd6 11.
c3 Qd7 12. a4 a6 13. b4 O-O 14. Nxg6 hxg6 15. Qc2 Nd8 16. Bd2 Ne6 17. Rae1 a5 18. b5 c5 19. Qb1 Rac8 20. g3 Rfe8 21. Kg2 Qc7 22. f4 cxd4 23. cxd4 Qb6 24. Qb2 f5 25. Rc1 Kf7 26. Rxc8 Nxc8 27. Re1 Bb8 28. Kf3 Nd6 29. Be3 Qd8 30. h4 Ba7 31. Qa2 Nc7 32. Rc1 Kf8 33. Qc2 Re7 34. Bf2 Nce8 35. Qa2 Nf6 36. Nc3 Nde4 37. Ne2 Ng4 38. Bg1 Qd7 39. Qc2 Kf7 40. Qc8 Nd2+ 41. Kg2 Qd6 42. Qh8 Qa3 43. Rc8 Rd7 44. Qg8+ Kf6 45. Rf8+ Ke7 46. Qxg7+ Kd6 47.
Qxg6+ Kc7 48. Qe8 Qxd3 49. Qc8+ Kd6 50. b6 Qf3+ 51. Kh3 Qf1# 0-1

[Event "Early-Titled-Tuesday-Blitz-February-13-2024"]
[Site "Chess.com"]
[Date "2024.02.13"]
[Round "2"]
[White "Storne89"]
[Black "OhanyanEminChess"]
[Result "0-1"]
[WhiteElo "2569"]
[BlackElo "2805"]
[TimeControl "180+1"]
[EndTime "8:20:44 PST"]
[Termination "OhanyanEminChess won on time"]

1. d4 Nf6 2. Nf3 d5 3. c3 Nbd7 4.
Bf4 g6 5. h3 Bg7 6. e3 O-O 7.
Nbd2 b6 8. a4 a5 9. Be2 Bb7 10.
O-O Ne4 11. Nxe4 dxe4 12. Nd2 e5 13. Bh2 c5 14. d5 Bxd5 15. Nc4 Be6 16. Qd6 Qb8 17.
Rfd1 Ra7 18. Rd2 Qxd6 19. Nxd6 f5 20. Bb5 Bf6 21. Nc4 Kf7 22. Rad1 Ke7 23. b3 g5 24. Bxd7 Rxd7 25. Rxd7+ Bxd7 26. Nxb6 Be6 27. Nd5+ Bxd5 28.
Rxd5 f4 29. Kf1 Rb8 30. Rxc5 Rxb3 31. exf4 exf4 32. Rc4 Rb1+ 33. Ke2 Rh1 34. Rxe4+ Kf7 35. Bxf4 gxf4 36. Rxf4 Ra1 37. Kd3 Ke6 38. g4 Ra3 39.
Rc4 Kd5 40. f4 h6 41. h4 Bxh4 42. Rd4+ Kc5 43. Rc4+ Kd5 44. Rd4+ Kc6 45. Rc4+ Kd6 46. Rd4+ Ke7 47. Re4+ Kf7 48. Kc2 Ra1 49. Kb2 Rg1 50. g5 hxg5 51. fxg5 Bxg5 52. Re5 Bd8 53. Kb3 Rg4 54.
c4 Kf6 55. Rd5 Ke7 56. c5 Rb4+ 57. Ka3 Bc7 58. c6 Bd6 0-1

[Event "Early-Titled-Tuesday-Blitz-February-13-2024"]
[Site "Chess.com"]
[Date "2024.02.13"]
[Round "2"]
[White "djano"]
[Black "BilodeauA"]
[Result "1/2-1/2"]
[WhiteElo "2653"]
[BlackElo "2958"]
[TimeControl "180+1"]
[EndTime "8:20:45 PST"]
[Termination "Game drawn by repetition"]

1. e4 e5 2. Bc4 Nc6 3. d3 Nf6 4. Nc3 Bb4 5. Nf3 d5 6. exd5 Nxd5 7.
Bd2 Nxc3 8. bxc3 Bd6 9. Ng5 Be6 10. Bxe6 fxe6 11. Qh5+ g6 12. Qg4 Qe7 13. Nxe6 Qd7 14. h3 Ke7 15. Ng5 Qf5 16. Ne4 Raf8 17. Bh6 Rf7 18.
Bg5+ Kd7 19. Ng3 Qe6 20. Rb1 b6 21. Qxe6+ Kxe6 22. Bh6 Bf8 23. Bxf8 Rhxf8 24. Ne4 Kd7 25. f3 Ne7 26. c4 c5 27. a4 Nc6 28. Kd2 Kc7 29. Ng5 Re7 30. h4 h6 31. Ne4 Nd4 32.
Rh3 Nf5 33. Nc3 Ref7 34. a5 Kc6 35. a6 Rd8 36. Rhh1 Nd6 37. Ke2 Nf5 38. Kf2 Rd4 39. h5 g5 40. Nb5 Rf4 41. Rbe1 g4 42. Rxe5 gxf3 43. gxf3 Ng7 44. Rh3 R4f6 45. Rg3 Ne6 46. Kg2 Ng5 47. Re3 Rf4 48. c3 R4f6 49. d4 cxd4 50.
cxd4 Rf4 51. Rd3 Re7 52. Kf2 Ne4+ 53. Ke3 Nxg3+ 54. Kxf4 Nxh5+ 55. Kf5 Rg7 56. Rd1 Rg5+ 57. Ke6 Nf4+ 58. Ke7 Rg7+ 59. Kf6 Nh5+ 60. Kf5 Rg5+ 61. Ke4 Nf6+ 62. Kf4 Nh5+ 63. Ke4 Nf6+ 64. Kf4 Nh5+ 65. Ke4 1/2-1/2

[Event "Early-Titled-Tuesday-Blitz-February-13-2024"]
[Site "Chess.com"]
[Date "2024.02.13"]
[Round "2"]
[White "twofoxniel"]
[Black "Binary010"]
[Result "0-1"]
[WhiteElo "2609"]
[BlackElo "2904"]
[TimeControl "180+1"]
[EndTime "8:20:45 PST"]
[Termination "Binary010 won by resignation"]

1. e4 c5 2. c3 Nf6 3. e5 Nd5 4. d4 cxd4 5. cxd4 d6 6. Bc4 Nb6 7. Bb5+ Bd7 8. e6 fxe6 9. Bd3 g6 10. h4 Bg7 11. h5 Bc6 12. hxg6 hxg6 13. Rxh8+ Bxh8 14. Qg4 Kd7 15. Nc3 Na6 16. Nge2 Nb4 17. Bb1 N4d5 18. Ne4 Nf6 19. Nxf6+ Bxf6 20. Nf4 Qg8 21.
Bxg6 Nd5 22. Nxd5 Bxd5 23. Be3 Qg7 24. Bh5 Rh8 25. Kd2 Qxg4 26. Bxg4 Bxg2 27. f3 Rh2 28. Kd3 Bh3 29. Bf4 Bxg4 30. Bxh2 Bxf3 31. Bf4 Bd5 32. b3 e5 33. dxe5 dxe5 34. Bxe5 Bxe5 35. Re1 Bf6 36. Rg1 Bc6 37. Rd1 e5 38. Ke3+ Ke6 39. Rg1 Be7 40. Rg7 Bc5+ 41. Kd3 Kd5 42. Rg5 Bb5+ 43. Kd2 Bd4 44. a4 Bc6 45. Rg8 e4 46.
Rd8+ Kc5 47. b4+ Kc4 48. b5 Bd5 49. Rc8+ Bc5 50. Ke2 Kd4 51. Rd8 b6 52. Rd7 Ke5 53.
Rxa7 Bc4+ 54. Ke1 e3 55. Ra8 Bb4+ 56. Kd1 e2+ 57. Kc2 e1=Q 58. Re8+ Be6 59. Rxe6+ Kxe6 0-1

[Event "Early-Titled-Tuesday-Blitz-February-13-2024"]
[Site "Chess.com"]
[Date "2024.02.13"]
[Round "2"]
[White "M1711"]
[Black "Matols"]
[Result "1-0"]
[WhiteElo "2645"]
[BlackElo "2391"]
[TimeControl "180+1"]
[EndTime "8:20:45 PST"]
[Termination "M1711 won on time"]

1. e4 c6 2. Nf3 d5 3. Nc3 dxe4 4. Nxe4 Nf6 5. Neg5 Bg4 6. Bc4 Bh5 7. Ne5 e6 8.
g4 Bg6 9. d4 Nbd7 10. Nxg6 hxg6 11. c3 Bd6 12. Qf3 Qe7 13. Be3 O-O-O 14. h4 Nb6 15. Bb3 Nbd5 16. O-O-O Nxe3 17. fxe3 Rd7 18. Kb1 Nh7 19. Ne4 Nf6 20. Nxd6+ Qxd6 21. g5 Nd5 22. e4 Qf4 23. Rdf1 Qxf3 24. Rxf3 Nb6 25. Rhf1 Rxh4 26. Rxf7 Rxf7 27. Rxf7 Rxe4 28. Rxg7 Nd5 29. Rxg6 Re2 30. Bxd5 exd5 31. Rg7 a5 32. a4 Rg2 33. g6 Kb8 34.
Rg8+ Ka7 35. Ka2 Kb6 36. Kb3 Rg1 37. g7 Rg2 38. Ka2 Rg1 39. Ka3 Rg2 40. Kb3 Rg1 41.
Kc2 Rg2+ 42. Kd3 Rg1 43. Ke3 Rg2 44. Kf4 Rg1 45. Ke5 Rg2 46. Kf6 Rf2+ 47. Ke6 Rg2 48. Kd7 Rg1 49. Kc8 Rg2 50. Kb8 Rg1 51.
Kc8 Rg2 52. Kd8 Rg1 53. Ke7 Rg2 54. b4 axb4 55. cxb4 Rg1 56. Kd6 Rg2 57. b5 Rg6+ 58. Ke5 cxb5 59. axb5 Rg5+ 60. Kf6 Rg4 61. Rd8 1-0

[Event "Early-Titled-Tuesday-Blitz-February-13-2024"]
[Site "Chess.com"]
[Date "2024.02.13"]
[Round "2"]
[White "arnash_bauyrzhan"]
[Black "DamianoLew95"]
[Result "0-1"]
[WhiteElo "2281"]
[BlackElo "2723"]
[TimeControl "180+1"]
[EndTime "8:20:46 PST"]
[Termination "DamianoLew95 won on time"]

1. e4 c5 2. Nf3 d6 3. Bb5+ Nd7 4. d4 cxd4 5. Qxd4 Nf6 6. Bg5 a6 7. Bxd7+ Bxd7 8. O-O Rc8 9. c4 e5 10. Qd3 Be6 11. Na3 h6 12. Bxf6 Qxf6 13. Rac1 Be7 14. b3 O-O 15. Nc2 Bg4 16. h3 Bxf3 17. Qxf3 Qxf3 18. gxf3 f5 19. Ne3 Bg5 20. Rcd1 Bxe3 21.
fxe3 fxe4 22. Rxd6 exf3 23. Re6 Rc5 24. Kf2 b5 25.
Rc1 bxc4 26. Rxc4 Rd5 27. Rc2 a5 28. Re7 Kh8 29. e4 Rd1 30. Rxe5 Rh1 31. Kg3 Rg1+ 32.
Kh2 Re1 33. Rf2 Kh7 34. Rxa5 Rxe4 35. Ra7 Re3 36. Kg3 Rf6 37. b4 h5 38. h4 Re4 39.
b5 Rg4+ 40. Kh3 Rff4 41. Ra3 Rxh4+ 42. Kg3 Rhg4+ 43. Kh3 Rb4 44. Raxf3 Rxb5 45. Rf5 Rxf5 46. Rxf5 g6 47. Rf7+ Kh6 48. Ra7 Rc4 49. a4 Rc3+ 50. Kg2 Kg5 51. a5 Kg4 52. a6 Rc2+ 53. Kf1 g5 54. Ra8 Ra2 55. a7 h4 56. Kg1 Kg3 57. Kf1 g4 0-1

[Event "Early-Titled-Tuesday-Blitz-February-13-2024"]
[Site "Chess.com"]
[Date "2024.02.13"]
[Round "2"]
[White "tantaan"]
[Black "Alblooshi_Hamad"]
[Result "1-0"]
[WhiteElo "2499"]
[BlackElo "2218"]
[TimeControl "180+1"]
[EndTime "8:20:46 PST"]
[Termination "tantaan won by resignation"]

1. e4 c5 2. Nc3 Nc6 3. Bb5 e6 4. Bxc6 bxc6 5. d3 d5 6. f4 g6 7.
Nf3 Bg7 8. O-O Nf6 9. Qe1 O-O 10. Bd2 Rb8 11. b3 Re8 12. Rd1 Bd7 13. Qh4 h6 14. e5 Nh7 15. Qf2 Qe7 16. Na4 d4 17. Nb2 Bc8 18. Nc4 Ba6 19. Nd6 Red8 20. Ba5 Rd7 21. Nd2 Rxd6 22. exd6 Qxd6 23. Ne4 Qe7 24. Rde1 Nf6 25. Bd2 Nd5 26. g4 Nb4 27. Bxb4 cxb4 28.
f5 Bh8 29. fxg6 fxg6 30. Qg3 Rf8 31. g5 h5 32. Nf6+ Bxf6 33. gxf6 Qf7 34. Qe5 Re8 35. Qxd4 Rb8 36. Qe5 Re8 37. Rf2 Bb5 38. Rfe2 a5 39. Qd6 Ba6 40. Rxe6 Rxe6 41. Qxe6 Qxe6 42. Rxe6 Bb5 43.
Rd6 Kf7 44. Kf2 a4 45. Ke3 axb3 46. axb3 g5 47. Kd4 g4 48. Kc5 h4 49. Rd4 g3 50.
hxg3 hxg3 51. Rg4 Kxf6 52. Rxg3 Ke5 53. Kxb4 Kd4 54. c3+ Ke5 55. Kc5 Kf4 56. Rh3 Kg4 57.
c4 Kxh3 58. cxb5 cxb5 59. Kxb5 Kg4 60. d4 Kf5 61. d5 Ke5 62. Kc6 1-0

[Event "Early-Titled-Tuesday-Blitz-February-13-2024"]
[Site "Chess.com"]
[Date "2024.02.13"]
[Round "2"]
[White "Zhigalko_Sergei"]
[Black "kakarot_001"]
[Result "1-0"]
[WhiteElo "2964"]
[BlackElo "2644"]
[TimeControl "180+1"]
[EndTime "8:20:47 PST"]
[Termination "Zhigalko_Sergei won by resignation"]

1. e4 g6 2. d4 Bg7 3. Nc3 d6 4. Nf3 Nf6 5. h3 O-O 6. Be3 c6 7. a4 Nbd7 8. a5 Qc7 9. Qb1 e5 10. dxe5 Nxe5 11. Nxe5 dxe5 12. Bc4 Nh5 13. O-O Nf4 14.
Rd1 Be6 15. Qa2 Kh8 16. Bxf4 Bxc4 17. Bxe5 Bxa2 18. Bxc7 Be6 19. e5 Rac8 20. Bd6 Rfd8 21. Ne4 Bf5 22. Re1 Kg8 23. g4 Be6 24. Nc5 Bd5 25.
Nxb7 Re8 26. f4 f6 27. b3 fxe5 28. Bxe5 Bf8 29. c4 Bf7 30. a6 Bb4 31. Red1 g5 32.
Nd6 Bxd6 33. Rxd6 gxf4 34. Bxf4 Re4 35. Rf1 h5 36. g5 Re6 37. Rfd1 Rce8 38. Rxe6 Bxe6 39.
h4 Bg4 40. Rd6 Re6 41. Rd8+ Kf7 42. Ra8 Re7 43. Bb8 Bc8 44. Bd6 Re1+ 45. Kf2 Rd1 46. Rxc8 Rxd6 47. Rc7+ Kg6 48. Rxa7 c5 49. Ke3 Kf5 50.
Rf7+ Kg4 51. Rf4+ Kg3 52. Rf6 Rd7 53. g6 Kxh4 54. Rf7 Rd8 55. g7 Rg8 56. a7 Kg5 57.
Rf8 Rxg7 58. a8=Q 1-0

[Event "Early-Titled-Tuesday-Blitz-February-13-2024"]
[Site "Chess.com"]
[Date "2024.02.13"]
[Round "2"]
[White "OrtizAnahi2001"]
[Black "TrahtarBelarus"]
[Result "0-1"]
[WhiteElo "2601"]
[BlackElo "2874"]
[TimeControl "180+1"]
[EndTime "8:20:47 PST"]
[Termination "TrahtarBelarus won by resignation"]

1. d4 Nf6 2. c4 g6 3. Nc3 d5 4. cxd5 Nxd5 5. e4 Nxc3 6. bxc3 Bg7 7. Nf3 c5 8. Be3 Qa5 9. Bd2 O-O 10. Be2 Bg4 11. O-O cxd4 12. cxd4 Qa3 13. Rb1 Bxf3 14. Bxf3 Nc6 15. d5 Nd4 16. Bb4 Nxf3+ 17. gxf3 Qxa2 18. Bxe7 Rfe8 19. Rxb7 Qa6 20. Qb3 Be5 21. Rd1 Bd6 22. Bh4 Rab8 23. Rb1 Qe2 24. Rxb8 Rxb8 25. Qxb8+ Bxb8 26. Rxb8+ Kg7 27. Kg2 Qd3 28. Ra8 a6 29.
Bg3 f5 30. Ra7+ Kh6 31. h4 fxe4 32. Bf4+ g5 33. Bxg5+ Kg6 34. fxe4 Qxe4+ 35. f3 Qxd5 36. Rxa6+ Kg7 37. Ra7+ Kg6 38. Ra6+ Kf7 39. Ra7+ Kg8 40. Re7 Qd6 41. Kf2 h6 42. Re4 hxg5 43.
hxg5 Qh2+ 44. Ke3 Qg1+ 45. Kf4 Kf7 46. Re5 Qh2+ 47. Ke4 Qe2+ 48. Kf4 Qh2+ 49. Ke4 Qg3 50. Rf5+ Kg6 51. Rf4 Qe1+ 52. Kd3 Kxg5 53. Rg4+ Kf5 54.
Re4 Qf2 55. Re3 Kf4 56. Re4+ Kxf3 57. Rd4 Qe2+ 58. Kc3 Qe1+ 59. Kc4 Qe8 60. Kd3 Qb5+ 61. Rc4 Qa6 62. Kc3 Ke3 63. Rd4 Qa3+ 64. Kc4 Qa4+ 0-1

[Event "Early-Titled-Tuesday-Blitz-February-13-2024"]
[Site "Chess.com"]
[Date "2024.02.13"]
[Round "2"]
[White "Agoking701"]
[Black "sergoy"]
[Result "0-1"]
[WhiteElo "2646"]
[BlackElo "2973"]
[TimeControl "180+1"]
[EndTime "8:20:48 PST"]
[Termination "sergoy won by resignation"]

1. e4 c5 2. b3 g6 3. Bb2 Nf6 4. Nc3 Nc6 5. Nd5 Bg7 6. Bc4 O-O 7. Bxf6 exf6 8. Ne2 Re8 9. O-O Rxe4 10. d4 f5 11. dxc5 d6 12. cxd6 Qxd6 13. Nec3 Re8 14. Nb5 Qe5 15.
Nbc7 Be6 16. Nxa8 Rxa8 17. c3 Kf8 18. Re1 Qd6 19. Ne3 Qxd1 20. Raxd1 Bxc3 21. Re2 Nd4 22. Kf1 Nxe2 23. Kxe2 Bxc4+ 24. bxc4 Ba5 25. Rd7 Rd8 26. Rxb7 Rd2+ 27. Kf3 Bb6 28. a4 Ra2 29. Nd5 Rxf2+ 30. Kg3 Bd4 31. a5 Ra2 32. Nb4 Rxa5 33. Nc6 Ra3+ 34.
Kf4 Bc5 35. Ke5 Rd3 36. Nxa7 Kg7 37. Nb5 Rd2 38. g3 Rxh2 39. Kd5 Bg1 40. Nd6 Rd2+ 41.
Kc6 h5 42. Rxf7+ Kh6 43. Rf8 Kg5 44. Nf7+ Kg4 45. Ne5+ Kxg3 46. Nxg6 Rf2 47. Ne5 h4 48. Rg8+ Kh2 49. c5 Rf1 50. Kd7 Bxc5 51. Nd3 Be3 52. Ne5 h3 53. Ke6 Bf4 54. Kxf5 Bg3+ 55.
Ke4 Re1+ 56. Kf3 Bxe5 57. Rg1 Rxg1 0-1

[Event "Early-Titled-Tuesday-Blitz-February-13-2024"]
[Site "Chess.com"]
[Date "2024.02.13"]
[Round "2"]
[White "EsmeraldasAnderson03"]
[Black "ChessSwole"]
[Result "1/2-1/2"]
[WhiteElo "2409"]
[BlackElo "2677"]
[TimeControl "180+1"]
[EndTime "8:20:48 PST"]
[Termination "Game drawn by repetition"]

1. d4 d5 2. c4 e6 3. cxd5 exd5 4. Nc3 c6 5. Nf3 Bd6 6. Qc2 Ne7 7. Bg5 O-O 8. e3 f6 9. Bh4 Bf5 10. Bd3 Qd7 11. Bg3 Bxd3 12. Qxd3 a5 13. O-O Bxg3 14.
hxg3 Na6 15. a3 Nf5 16. Na4 Qe6 17. Nc5 Nxc5 18. dxc5 a4 19. Nd4 Nxd4 20. Qxd4 Rfe8 21.
Rfd1 Ra5 22. Rab1 Qe4 23. b4 axb3 24. Rxb3 Qxd4 25. exd4 Re7 26. Rdb1 Ra7 27. Kf1 Kf7 28. Re1 Re4 29. Rxe4 dxe4 30. Re3 f5 31. g4 g6 32.
gxf5 gxf5 33. g4 Ke6 34. gxf5+ Kxf5 35. Rh3 h6 36. Rxh6 Rxa3 37. Rh5+ Kg4 38. Re5 Kf4 39. Kg2 Ra2 40. Re7 Rb2 41. Kg1 Kf3 42. Rf7+ Ke2 43. Rd7 Rb1+ 44. Kg2 Rf1 45. Rxb7 Rxf2+ 46. Kg3 e3 47. d5 cxd5 48. c6 Rf6 49. Rb2+ Kd3 50. Rb3+ Ke4 51. Rc3 Rf8 52. c7 Rg8+ 53. Kh2 Rc8 54. Kh1 d4 55. Rc6 e2 56. Kg2 Rxc7 57.
Rxc7 Ke3 58. Re7+ Kd2 59. Kf2 d3 60. Re6 Kd1 61. Re5 Kc1 62. Rc5+ Kd1 63. Re5 Kc1 64. Rc5+ Kd1 65. Re5 1/2-1/2

[Event "Early-Titled-Tuesday-Blitz-February-13-2024"]
[Site "Chess.com"]
[Date "2024.02.13"]
[Round "2"]
[White "DenizG123"]
[Black "masterofpuppets2"]
[Result "1-0"]
[WhiteElo "2125"]
[BlackElo "2439"]
[TimeControl "180+1"]
[EndTime "8:20:48 PST"]
[Termination "DenizG123 won by checkmate"]

1. e4 c5 2. Nf3 Nc6 3. d4 cxd4 4.
Nxd4 Nf6 5. Nc3 d6 6. Be2 e6 7.
Bg5 Be7 8. Qd2 a6 9. O-O-O O-O 10. Nxc6 bxc6 11. Bxf6 Bxf6 12. Qxd6 Qb6 13. e5 Bg5+ 14. Kb1 Qxf2 15. Bf3 Qa7 16. Ne4 Be7 17. Qxc6 Rb8 18. Nd6 Bd7 19. Qe4 Qb6 20. Nc4 Qc7 21. Nd6 Rb6 22.
Rd3 Rc6 23. Rc1 Bxd6 24. exd6 Rxd6 25. Rxd6 Qxd6 26. Rd1 Qc7 27. Qd4 Bb5 28. a4 Be8 29.
Be2 Qxh2 30. Bxa6 Qxg2 31. Bd3 Qb7 32. Rg1 f6 33. Qh4 f5 34. Qc4 Bf7 35. Qd4 Bg6 36. Bc4 Kh8 37. Bxe6 f4 38. Bb3 f3 39. Qe3 f2 40.
Rf1 Qg2 41. Bc4 h5 42. a5 h4 43. Qe7 Qf3 44. Qxh4+ Bh7 45. Bd3 g6 46. Bxg6 Rf7 47. Bxf7 Qxf7 48. Qxf2 Qe7 49. Qf8+ Qxf8 50. Rxf8+ Kg7 51.
Rf1 Be4 52. Re1 Bd5 53. b4 Bc4 54. c3 Bb5 55. Kc2 Ba4+ 56. Kd2 Bb5 57. Ke3 Ba6 58. Kd4 Bb5 59. Kc5 Ba6 60. Kb6 Bc8 61. a6 Bg4 62. a7 Bf3 63. c4 Ba8 64. c5 Bf3 65. c6 Kg6 66. c7 Kg5 67. c8=Q Bg4 68. Qc5+ Kf4 69. Qe5+ Kf3 70. Qe3+ Kg2 71. Rg1+ Kh2 72. Qg3# 1-0

[Event "Early-Titled-Tuesday-Blitz-February-13-2024"]
[Site "Chess.com"]
[Date "2024.02.13"]
[Round "2"]
[White "sewlins"]
[Black "chess_blitz00"]
[Result "0-1"]
[WhiteElo "2106"]
[BlackElo "2453"]
[TimeControl "180+1"]
[EndTime "8:20:50 PST"]
[Termination "chess_blitz00 won on time"]

1. Nf3 b6 2. e4 Bb7 3. Nc3 c5 4. d4 cxd4 5. Nxd4 Nc6 6. Be2 Nf6 7. O-O e6 8. Nxc6 dxc6 9. Bg5 Be7 10. e5 Nd5 11.
Bxe7 Nxe7 12. Ne4 Qxd1 13. Raxd1 Nc8 14. c4 c5 15. Bf3 Ke7 16. Rd3 Rd8 17. Rfd1 Rxd3 18.
Rxd3 a6 19. b3 Ra7 20. Nd6 Nxd6 21. Rxd6 Bxf3 22. gxf3 Rb7 23. f4 h6 24. Kg2 g5 25. Kf3 b5 26. Rxa6 bxc4 27. bxc4 Rb4 28. fxg5 hxg5 29. a4 Rxc4 30. a5 Ra4 31. Ra7+ Kf8 32.
a6 Kg7 33. Ra8 Kg6 34. Rg8+ Kf5 35. Rf8 Ra3+ 36. Ke2 Rxa6 37. Rxf7+ Kxe5 38. Rg7 Kf5 39. Rc7 Ra2+ 40. Kd3 Rxf2 41. Rxc5+ e5 42. h3 Rf3+ 43. Ke2 Rxh3 44. Rc8 g4 45. Rf8+ Ke4 46. Rg8 Kf4 47. Rf8+ Kg3 48. Re8 Rh2+ 49. Ke3 Rf2 50. Rxe5 Rb2 0-1

[Event "Early-Titled-Tuesday-Blitz-February-13-2024"]
[Site "Chess.com"]
[Date "2024.02.13"]
[Round "2"]
[White "ccccvhhhj"]
[Black "BeardedNM"]
[Result "1-0"]
[WhiteElo "2493"]
[BlackElo "2205"]
[TimeControl "180+1"]
[EndTime "8:20:51 PST"]
[Termination "ccccvhhhj won on time"]

1. e4 e6 2. Nf3 d5 3. e5 c5 4. b4 cxb4 5. a3 bxa3 6. Nxa3 Nc6 7.
c3 Bd7 8. d4 a6 9. Bd3 Na5 10.
O-O Rc8 11. Bd2 Bxa3 12. Rxa3 Nc4 13. Ra1 Bb5 14. Bc1 Ne7 15. Re1 h6 16. Bc2 O-O 17. Nd2 Nf5 18. Nb3 b6 19. Qg4 Bd7 20. Rxa6 Na5 21.
Nxa5 bxa5 22. Bd2 Bb5 23. Rd6 Nxd6 24. exd6 f5 25. Qg3 Qf6 26. h4 a4 27. Bf4 a3 28. Be5 Qf7 29. Ra1 Ra8 30. Bb3 Bc4 31. Bxc4 dxc4 32. Qf3 Qd7 33. Kh2 Ra6 34. Qe2 Rfa8 35.
Qxc4 a2 36. Qe2 Rxd6 37. Rxa2 Rxa2 38. Qxa2 Rd5 39. Qa8+ Kh7 40. Qf8 Rxe5 41. dxe5 Qd5 42. f4 Qe4 43. Kg3 Qe3+ 44. Kh2 Qxf4+ 45. Kg1 Qc1+ 46. Kh2 Qf4+ 47. Kh1 Qxe5 48. Qc8 Qe1+ 49. Kh2 Qxh4+ 50. Kg1 Qe1+ 51. Kh2 Qe5+ 52. Kg1 f4 53. c4 Qe1+ 54. Kh2 Qg3+ 55. Kh1 f3 56. gxf3 Qxf3+ 57. Kh2 Qf4+ 58. Kg2 e5 59. c5 e4 60. c6 e3 61. Qe8 Qf2+ 62. Kh3 e2 63. c7 1-0

[Event "Early-Titled-Tuesday-Blitz-February-13-2024"]
[Site "Chess.com"]
[Date "2024.02.13"]
[Round "2"]
[White "Sl4werThanYou"]
[Black "Alexander_Donchenko"]
[Result "1-0"]
[WhiteElo "2649"]
[BlackElo "2922"]
[TimeControl "180+1"]
[EndTime "8:20:54 PST"]
[Termination "Sl4werThanYou won by checkmate"]

1. e4 c5 2. Nf3 e6 3. d4 cxd4 4. Nxd4 Nc6 5. Nc3 Qc7 6. Be2 Nf6 7. O-O a6 8. Be3 Be7 9. Nb3 O-O 10. f4 d6 11. Bf3 b5 12. g4 Bb7 13. g5 Nd7 14. h4 Na5 15. Nxa5 Qxa5 16. h5 g6 17. h6 Rac8 18. Qd3 b4 19. Ne2 Nc5 20. Qd4 e5 21. fxe5 Ne6 22. Qa7 Rb8 23. exd6 Bxd6 24.
Rad1 Qe5 25. Rf2 Nxg5 26. Bg2 Qh2+ 27. Kf1 Nh3 28. Rxd6 Qxd6 29. Bxh3 Qd1+ 30. Kg2 Bxe4+ 31. Kg3 Qd6+ 32. Bf4 Qd5 33. Qd4 Qxd4 34. Nxd4 Rbd8 35. Be5 Rfe8 36. Kf4 Rd5 37. Bf6 g5+ 38. Kg3 Bg6 39. Bg2 Rd6 40. Nc6 Ree6 41. Ne7+ Kf8 42. Nxg6+ fxg6 43. Be5+ Ke7 44. Bxd6+ Kxd6 45. Bh3 Re3+ 46. Kg2 Ke7 47. Bg4 Re4 48. Re2 Rxe2+ 49. Bxe2 a5 50.
Bc4 Kf6 51. Bg8 g4 52. Bxh7 Kg5 53. Bg8 Kxh6 54. Kg3 Kg5 55. Be6 Kf6 56. Bxg4 Ke5 57. Kf3 Kd4 58. Ke2 Ke4 59. Bd7 g5 60. c3 bxc3 61. bxc3 Kd5 62. Kd3 Kd6 63. Bg4 Kc5 64. c4 a4 65. a3 Kc6 66. Kd4 Kd6 67. c5+ Kc7 68. Bf3 Kd7 69. c6+ Kc7 70. Kc5 Kc8 71. Kd6 Kd8 72. c7+ Kc8 73. Bg4+ Kb7 74. c8=Q+ Kb6 75.
Qc5+ Ka6 76. Be2+ Kb7 77. Qc7+ Ka8 78. Bf3# 1-0

[Event "Early-Titled-Tuesday-Blitz-February-13-2024"]
[Site "Chess.com"]
[Date "2024.02.13"]
[Round "2"]
[White "MatthewG-p4p"]
[Black "MIss_MIaMI"]
[Result "1-0"]
[WhiteElo "2828"]
[BlackElo "2424"]
[TimeControl "180+1"]
[EndTime "8:20:54 PST"]
[Termination "MatthewG-p4p won by checkmate"]

1. f4 b6 2. Nf3 Bb7 3. g3 e6 4. Bg2 Nf6 5. O-O Be7 6. d3 d5 7.
Nc3 O-O 8. e4 dxe4 9. Ng5 Nbd7 10. dxe4 h6 11. Nh3 e5 12. f5 Nc5 13. Qe1 Kh8 14. Kh1 a6 15. Nf2 b5 16. a3 Nh7 17. h4 f6 18. Be3 Qe8 19. g4 Rd8 20.
Qe2 Qf7 21. Bf3 Nd7 22. Rg1 Bc5 23. Rad1 Qc4 24. Rd3 Bxe3 25. Qxe3 Qc5 26. Qd2 Qe7 27.
Rd1 Bc6 28. Nd5 Bxd5 29. Rxd5 Rf7 30. g5 hxg5 31. Bh5 Nhf8 32. Bxf7 Qxf7 33. hxg5 Qh5+ 34. Kg2 Qxg5+ 35. Qxg5 fxg5 36. Ng4 c6 37. Rd6 Kg8 38. Nxe5 Nxe5 39. Rxd8 Nc4 40. Kf3 Kf7 41. b3 Nxa3 42. R1d2 Nb1 43. R2d3 Na3 44. c3 Nc2 45. Ke2 b4 46. c4 c5 47. e5 Ke7 48. Ra8 Nd4+ 49. Rxd4 cxd4 50. Ra7+ Ke8 51. Rxa6 Nd7 52. Ra5 g4 53. e6 Nf6 54. Ra7 Nh5 55. c5 Nf4+ 56. Kf2 d3 57. Rd7 g3+ 58. Kxg3 Nh5+ 59. Kf3 Nf6 60.
Rxd3 Ke7 61. Kf4 Nh5+ 62. Ke5 Nf6 63. c6 Ne8 64. Rd7+ Kf8 65. Rf7+ Kg8 66. c7 Nxc7 67. Rxc7 g6 68. f6 g5 69. Rg7+ Kf8 70. e7+ Ke8 71. Ke6 g4 72. f7# 1-0

[Event "Early-Titled-Tuesday-Blitz-February-13-2024"]
[Site "Chess.com"]
[Date "2024.02.13"]
[Round "2"]
[White "YurasovMat-2012"]
[Black "Al_Shima"]
[Result "1-0"]
[WhiteElo "2668"]
[BlackElo "2356"]
[TimeControl "180+1"]
[EndTime "8:20:55 PST"]
[Termination "YurasovMat-2012 won on time"]

1. e4 c5 2. Nf3 e6 3. b3 Nc6 4.
Bb2 d5 5. exd5 exd5 6. Bb5 Nf6 7. O-O Be7 8. d4 O-O 9. Re1 a6 10. Bf1 Be6 11. Ng5 Bf5 12. Bd3 Bxd3 13. Qxd3 h6 14. Nf3 Ne4 15. a3 Bf6 16. Nbd2 Nxd2 17. Qxd2 Rc8 18.
Rad1 cxd4 19. Re2 Re8 20. Nxd4 Nxd4 21. Bxd4 Bxd4 22. Rxe8+ Qxe8 23. Qxd4 Rxc2 24. Qxd5 Re2 25. Rf1 Qe7 26. b4 g6 27. g3 h5 28. Qd4 Re4 29.
Qa7 Re1 30. Qb8+ Kh7 31. Qf4 Rxf1+ 32. Kxf1 Qd7 33. Qf6 Qd3+ 34. Kg2 Kg8 35. Qe7 Qxa3 36. Qxb7 Qd3 37. h3 Kg7 38. Qb6 Qe4+ 39. Kh2 Qe2 40.
Qd4+ Kg8 41. Qc5 Kg7 42. Qd4+ Kg8 43. Kg2 Kh7 44. g4 hxg4 45. hxg4 Kg8 46. Kg3 Qe6 47.
f4 Qb3+ 48. Kh4 Qe6 49. Kg3 Qe1+ 50. Kf3 Qf1+ 51. Kg3 Qe1+ 52. Kg2 Qe2+ 53. Kh3 Qf1+ 54. Kh4 Qc1 55. Kg5 Qc6 56. Kh6 Kf8 57. Qd8+ Qe8 58.
Qf6 Qe1 59. Qd8+ 1-0

[Event "Early-Titled-Tuesday-Blitz-February-13-2024"]
[Site "Chess.com"]
[Date "2024.02.13"]
[Round "2"]
[White "Iuckyducky"]
[Black "FARIZA2018"]
[Result "0-1"]
[WhiteElo "2264"]
[BlackElo "2513"]
[TimeControl "180+1"]
[EndTime "8:20:55 PST"]
[Termination "FARIZA2018 won by resignation"]

1. d4 Nf6 2. c4 e6 3. Nf3 d5 4. g3 dxc4 5. Bg2 c5 6. O-O Nc6 7.
dxc5 Qxd1 8. Rxd1 Bxc5 9. Nbd2 c3 10. bxc3 O-O 11. Nb3 Be7 12. Nfd4 Bd7 13. Bg5 Rfd8 14. Rd2 h6 15. Bf4 Rac8 16. Rad1 Nxd4 17. cxd4 Bc6 18. Bxc6 Rxc6 19. Na5 Rb6 20. Bc7 Rb4 21. Bxd8 Bxd8 22.
Nb3 a5 23. f3 a4 24. Nc5 b6 25. Nd3 Rc4 26. Nb2 Rb4 27. a3 Rb3 28. Nxa4 Rxa3 29. Nb2 Nd5 30. Rd3 Ra2 31. Rb3 f5 32. e4 fxe4 33.
fxe4 Nf6 34. e5 Nd5 35. h4 g5 36. hxg5 Bxg5 37. Kf2 Be7 38. Kf3 Kf7 39. Rc1 Bg5 40. Rc6 Ra5 41. Nc4 Ra1 42. Nxb6 Rf1+ 43. Kg2 Rd1 44.
Rc4 Ne3+ 45. Rxe3 Bxe3 46. Rc8 Rxd4 47. Na8 Rd2+ 48. Kf3 Bd4 49. Ke4 Bb2 50. Nc7 Re2+ 51. Kf3 Rxe5 52. Na6 Rf5+ 53. Kg4 Be5 54. Rh8 Rg5+ 55.
Kh4 Bxh8 0-1

[Event "Early-Titled-Tuesday-Blitz-February-13-2024"]
[Site "Chess.com"]
[Date "2024.02.13"]
[Round "2"]
[White "Fh2411"]
[Black "KuzubovYuriy"]
[Result "0-1"]
[WhiteElo "2624"]
[BlackElo "2919"]
[TimeControl "180+1"]
[EndTime "8:20:57 PST"]
[Termination "KuzubovYuriy won by resignation"]

1. d4 g6 2. c4 Bg7 3. Nc3 d6 4.
Nf3 Nc6 5. Bg5 h6 6. Bh4 Nf6 7.
e3 O-O 8. Be2 Qe8 9. O-O e5 10.
Nd5 Nxd5 11. cxd5 Nb8 12. dxe5 dxe5 13. Rc1 c6 14. d6 g5 15. Bg3 Nd7 16. e4 Nb6 17. a4 Bg4 18. a5 Nc8 19. h3 Bd7 20. Nh2 Qd8 21. b4 Re8 22. Qd2 Re6 23. Qb2 Nxd6 24.
Bg4 Re7 25. Rfd1 Qc7 26. Bxd7 Qxd7 27. Ng4 f6 28. Ne3 Qe6 29. f3 Bf8 30. Rd2 Rd7 31. Rcd1 Rad8 32. Bf2 Nb5 33. Nf5 Rxd2 34. Rxd2 Rxd2 35.
Qxd2 Qe8 36. Kh2 h5 37. Bc5 Bxc5 38. bxc5 Kh7 39. Qa2 Kg6 40. Qc4 Kh7 41. Qd3 Kg6 42. Qc4 h4 43. Qd3 Kh7 44. Qc4 a6 45. Qd3 Kg6 46.
Qd2 Kf7 47. Qa2+ Qe6 48. Nh6+ Ke7 49. Nf5+ Kd7 50. Qd2+ Kc7 51. Qd3 Qd7 52. Qb3 Nd4 53. Qb6+ Kb8 54. Nd6 Nb5 55. Nf5 Qc7 56. Ne3 Qxb6 57. axb6 a5 58. Kg1 a4 59. Nc2 a3 60.
Kf2 a2 61. Na1 Nd4 62. Ke3 Ne6 0-1